 Dungeon Crawl Stone Soup version 0.31-a0-177-g4aa6249778 (webtiles) character file.

Game seed: 10889950250601052911

303 qw the Shooter (level 6, -3/55 (57) HPs)
             Began as a Naga Hunter on June 18, 2023.
             Slain by a wight
             ... wielding a +0 spear
              (6 damage)
             ... on level 4 of the Dungeon.
             The game lasted 00:00:49 (2380 turns).

qw the Shooter (Naga Hunter)                        Turns: 2380, Time: 00:00:49

HP:   -3/55 (57)    AC:  3    Str: 14    XL:     6   Next: 38%
MP:   0/6           EV:  9    Int:  9    God:
Gold: 158           SH:  0    Dex: 16    Spells: 5/5 levels left

rFire   . . .        Y - +0 shortbow
rCold   . . .        (shield currently unavailable)
rNeg    . . .        c - +0 leather armour
rPois   +            (no helmet)
rElec   .            (no cloak)
rCorr   .            (no gloves)
SInv    +            (no barding)
Will    ++...        m - amulet of guardian spirit
Stlth   ++           d - ring of willpower
HPRegen 0.29/turn    h - ring of willpower
MPRegen 0.10/turn

%: guardian spirit
@: lightly drained, very slow
A: AC +2, large, see invisible, deformed body, poison resistance, slowness 2,
spit poison 1, naga tail 1
a: Spit Poison


You were on level 4 of the Dungeon.
You visited 1 branch of the dungeon, and saw 4 of its levels.

You collected 158 gold pieces.


Innate Abilities, Weirdness & Mutations

Your serpentine skin is tough. (AC +2)
You have supernaturally acute eyesight. (SInv)
Armour fits poorly on your strangely shaped body.
Your system is resistant to poisons. (rPois)
You cover ground very slowly.
You can spit poison.
You have a snake-like lower body.


   Skills:
 + Level 3.7 Fighting
 - Level 6.1 Ranged Weapons
 - Level 1.5 Dodging
 - Level 1.5 Stealth


You had 5 spell levels left.
You didn't know any spells.
Your spell library was empty.

Inventory:

Hand Weapons
 Y - a +0 shortbow (weapon)
Armour
 c - a +0 leather armour (worn)
Jewellery
 d - a ring of willpower (left hand)
 h - a ring of willpower (right hand)
 m - an amulet of guardian spirit (around neck)
Potions
 a - 3 potions of curing
 e - a potion of ambrosia {unknown}
 f - a potion of mutation {unknown}
 g - 2 potions of degeneration {unknown}
 i - a potion of resistance {unknown}
 j - a potion of haste {unknown}
 k - a potion of heal wounds {unknown}
 l - a potion of cancellation {unknown}

Dungeon Overview and Level Annotations

Branches:
Dungeon (4/15)
 Temple: D:4-7

Altars:
Trog


Message History

The wight is lightly damaged.
The wight falls through a shaft!
The shaft crumbles and collapses. 2 wights come into view.
Enter note:
Enter note: You shoot an arrow.
The arrow closely misses the wight.
The wight hits you with a +3 falchion!
You shoot an arrow. The arrow hits the wight.
The wight is moderately damaged.
The wight hits you from afar with a +0 spear.
You feel drained. The wight hits you with a +3 falchion!
You shoot an arrow. The arrow hits the wight.
The wight is heavily damaged.
The wight hits you from afar with a +0 spear.
You feel drained. The wight hits you with a +3 falchion!
You feel drained.
You shoot an arrow. The arrow closely misses the wight.
The wight hits you with a +3 falchion! The wight closely misses you.
You shoot an arrow. The arrow hits the wight.
The wight is severely damaged.
The wight closely misses you. The wight barely misses you.
You shoot an arrow. The arrow barely misses the wight.
The wight barely misses you. The wight hits you with a +3 falchion.
You shoot an arrow. The arrow hits the wight.
You destroy the wight!
The wight hits you from afar with a +0 spear!
The wight closely misses you.
Your life force feels restored.
You shoot an arrow. The arrow closely misses the wight.
The wight closely misses you.
You shoot an arrow. The arrow barely misses the wight.
The wight hits you from afar with a +0 spear.
You feel drained.
You shoot an arrow. The arrow hits the wight.
The wight is moderately damaged.
The wight hits you but does no damage.
You shoot an arrow.
The arrow hits the wight but does no damage.
The wight is moderately damaged.
The wight hits you from afar with a +0 spear!
You die...

.......<.... .#
..........## .#
###.#####.# .# #
#.## .# #.<. .#
#..# z# #..#
#######)# #..#
#.....@.# #...
#.####### ##..
#######........
#.#
#......)...####
#.# #.#####.##.#
#.# #.# #.##.# #..
#.#####.##.#####
#..
##....##........#
###
##.#.#.##.##.###.#


You could see a wight.

Vanquished Creatures
  Eustachio (D:4)
  A wight (D:4)
  6 adders
  An orc (D:4)
  7 bats
  4 endoplasms
  A giant cockroach (D:3)
  4 goblins
  8 hobgoblins
  4 jackals (D:1)
  7 quokkas
  8 ball pythons
  4 frilled lizards
  6 kobolds
  4 rats
66 creatures vanquished.

Notes
Turn   | Place    | Note
-------+----------+-------------------------------------------
     0 | D:1      | qw the Naga Hunter began the quest for the Orb.
     0 | D:1      | Reached XP level 1. HP: 19/19 MP: 1/1
     0 | D:1      | 0 ||| qw: Version: 0.3-a-5-g6f28e65
     0 | D:1      | 0 ||| qw: Game counter: 596
     0 | D:1      | 0 ||| qw: Always use a shield: true
     0 | D:1      | 0 ||| qw: God list: Okawaru
     0 | D:1      | 0 ||| qw: Allow faded altars: false
     0 | D:1      | 0 ||| qw: Do Orc after D:15 true
     0 | D:1      | 0 ||| qw: Do second Lair branch before Depths: true
     0 | D:1      | 0 ||| qw: Lair rune preference: random
     0 | D:1      | 0 ||| qw: Plans: Normal
     0 | D:1      | 0 ||| PLANNING D:1-11
     3 | D:1      | Noticed an electric eel
     4 | D:1      | Noticed an electric eel
    62 | D:1      | 62 ||| INVOKING Spit Poison.
    95 | D:1      | 95 ||| INVOKING Spit Poison.
   101 | D:1      | 101 ||| INVOKING Spit Poison.
   128 | D:1      | 128 ||| INVOKING Spit Poison.
   142 | D:1      | 142 ||| INVOKING Spit Poison.
   143 | D:1      | 143 ||| INVOKING Spit Poison.
   191 | D:1      | 191 ||| INVOKING Spit Poison.
   192 | D:1      | Reached skill level 4 in Ranged Weapons
   192 | D:1      | Reached XP level 2. HP: 26/26 MP: 2/2
   196 | D:1      | 196 ||| INVOKING Spit Poison.
   216 | D:1      | 216 ||| INVOKING Spit Poison.
   318 | D:1      | 318 ||| INVOKING Spit Poison.
   394 | D:1      | 394 ||| INVOKING Spit Poison.
   498 | D:1      | 498 ||| INVOKING Spit Poison.
   574 | D:1      | 574 ||| INVOKING Spit Poison.
   580 | D:1      | 580 ||| INVOKING Spit Poison.
   591 | D:1      | 591 ||| INVOKING Spit Poison.
   799 | D:1      | 799 ||| INVOKING Spit Poison.
   803 | D:1      | 803 ||| INVOKING Spit Poison.
   805 | D:1      | Reached XP level 3. HP: 27/32 MP: 3/3
   886 | D:1      | 886 ||| INVOKING Spit Poison.
   891 | D:1      | 891 ||| INVOKING Spit Poison.
   892 | D:1      | 892 ||| INVOKING Spit Poison.
   944 | D:1      | 944 ||| READING scroll labelled ROABAI RYUFY.
   945 | D:1      | 945 ||| READING scroll labelled JISSOES TUJU.
   946 | D:1      | 946 ||| DROPPING scroll of butterflies.
  1006 | D:2      | 1006 ||| INVOKING Spit Poison.
  1023 | D:2      | 1023 ||| INVOKING Spit Poison.
  1029 | D:2      | 1029 ||| INVOKING Spit Poison.
  1035 | D:2      | 1035 ||| INVOKING Spit Poison.
  1046 | D:2      | 1046 ||| INVOKING Spit Poison.
  1069 | D:2      | 1069 ||| INVOKING Spit Poison.
  1143 | D:2      | Found a bloodstained altar of Trog.
  1172 | D:2      | 1172 ||| INVOKING Spit Poison.
  1178 | D:2      | 1178 ||| INVOKING Spit Poison.
  1184 | D:2      | 1184 ||| INVOKING Spit Poison.
  1186 | D:2      | Reached skill level 5 in Ranged Weapons
  1186 | D:2      | Reached XP level 4. HP: 39/39 MP: 4/4
  1233 | D:2      | 1233 ||| INVOKING Spit Poison.
  1373 | D:2      | 1373 ||| UPGRADING to ring of willpower.
  1374 | D:2      | 1374 ||| UPGRADING to ring of willpower.
  1375 | D:2      | 1375 ||| READING scroll labelled WAIWEI TALL.
  1376 | D:2      | 1376 ||| DRINKING 3 smoky yellow potions.
  1400 | D:3      | 1400 ||| INVOKING Spit Poison.
  1475 | D:3      | 1475 ||| INVOKING Spit Poison.
  1486 | D:3      | 1486 ||| INVOKING Spit Poison.
  1524 | D:3      | 1524 ||| INVOKING Spit Poison.
  1542 | D:3      | Found a faded altar of an unknown god.
  1546 | D:3      | 1546 ||| INVOKING Spit Poison.
  1549 | D:3      | 1549 ||| INVOKING Spit Poison.
  1552 | D:3      | 1552 ||| INVOKING Spit Poison.
  1553 | D:3      | 1553 ||| INVOKING Spit Poison.
  1586 | D:3      | 1586 ||| INVOKING Spit Poison.
  1688 | D:3      | 1688 ||| INVOKING Spit Poison.
  1891 | D:3      | 1891 ||| INVOKING Spit Poison.
  1892 | D:3      | 1892 ||| INVOKING Spit Poison.
  1938 | D:3      | 1938 ||| UPGRADING to amulet of guardian spirit.
  1943 | D:3      | 1943 ||| READING scroll labelled YMMABOYME.
  1944 | D:3      | 1944 ||| READING scroll labelled ARAACANAHAN.
  1945 | D:3      | 1945 ||| READING scroll labelled AZUUSU LAM.
  2030 | D:4      | 2030 ||| INVOKING Spit Poison.
  2032 | D:4      | Reached skill level 3 in Fighting
  2046 | D:4      | Noticed Eustachio
  2047 | D:4      | 2047 ||| INVOKING Spit Poison.
  2051 | D:4      | 2051 ||| INVOKING Spit Poison.
  2052 | D:4      | Killed Eustachio
  2053 | D:4      | Reached skill level 6 in Ranged Weapons
  2053 | D:4      | Reached XP level 5. HP: 23/49 MP: 2/5
  2053 | D:4      | Reached XP level 6. HP: 27/56 MP: 2/6
  2191 | D:4      | 2191 ||| INVOKING Spit Poison.
  2235 | D:4      | 2235 ||| INVOKING Spit Poison.
  2240 | D:4      | 2240 ||| INVOKING Spit Poison.
  2252 | D:4      | 2252 ||| INVOKING Spit Poison.
  2375 | D:4      | HP: 12/53 [wight/+3 falchion (6)]
  2378 | D:4      | HP: 3/57 [wight/+0 spear (4)]
  2380 | D:4      | Slain by a wight

Levels and vault maps discovered:
D:1:      arrival_aquarium_b, layout_loops_corners, minmay_tetromino_s2
D:2:      layout_rooms, basic_altar
D:3:      layout_basic, hellmonk_ecumenical_altar_crossroads
D:4:      layout_loops_ring, uniq_crazy_yiuf_cottage, uniq_eustachio

Skill      XL: |  1  2  3  4 |
---------------+-------------+-----
Ranged Weapons | 4 5 6 |  6.1
Fighting       | 3 |  3.7
Dodging        | |  1.5
Stealth        | |  1.5

Action                     |  1- 3 |  4- 6 || total
---------------------------+-------+-------++-------
   Fire: Shortbow          |    62 |    51 ||   113
Ability: Spit Poison       |    27 |    18 ||    45
    Use: Scroll            |     2 |     4 ||     6
         Potion            |       |     1 ||     1
 Armour: Leather armour    |    18 |     2 ||    20
  Dodge: Dodged            |    23 |    16 ||    39

Table legend:
 A = Non-vault XP
 B = Vault XP
 C = Vault XP percentage of total XP
 D = Non-vault monster count
 E = Vault monster count
 F = Vault count percentage of total count
                 A         B        C        D         E       F
            +---------+---------+-------+---------+---------+-------
      Total |     244 |     189 |  43.6 |      63 |       3 |   4.5
            +---------+---------+-------+---------+---------+-------
        D:1 |      43 |       4 |   8.5 |      26 |       2 |   7.1
        D:2 |      62 |       0 |   0.0 |      17 |       0 |   0.0
        D:3 |      40 |       0 |   0.0 |      11 |       0 |   0.0
        D:4 |      99 |     185 |  65.1 |       9 |       1 |  10.0
            +---------+---------+-------+---------+---------+-------
